 Dungeon Sprint DCSS version 0.24.0-41-g2ae2f7f1be (webtiles) character file.

Game seed: 6977725440782859723, levelgen mode: deterministic

455 Groucho the Protected (level 6, -18/63 HPs)
             Began as a Deep Dwarf Fighter on Dec 13, 2019.
             Was a Believer of Makhleb.
             Demolished by a red ugly thing (20 damage)
             ... in the Dungeon (Sprint IX: "|||||||||||||||||||||||||||||").
             The game lasted 00:01:52 (691 turns).

Groucho the Protected (Deep Dwarf Fighter)           Turns: 691, Time: 00:01:52

Health: -18/63     AC: 15    Str: 21    XL:     6   Next: 76%
Magic:  10/10      EV:  5    Int:  9    God:    Makhleb [**....]
Gold:   0          SH: 12    Dex: 18    Spells: 5/5 levels left

rFire    . . .     SeeInvis .   a - +0 war axe
rCold    . . .     Gourm    .   c - +0 shield
rNeg     . . .     Faith    .   p - +0 plate armour
rPois    .         Spirit   .   (no helmet)
rElec    .         Reflect  .   o - +0 cloak
rCorr    .         Harm     .   (no gloves)
MR       .....     NoTele   +   (no boots)
Stlth    ..........             (no amulet)
HPRegen  0.00/turn              b - +3 ring of dexterity
MPRegen  0.12/turn              q - +3 ring of dexterity

@: very slightly contaminated, non-regenerating, invisible
A: damage resistance, heal wounds, sense surroundings 1, no regeneration
a: Heal Wounds, Minor Destruction, Renounce Religion


You were in the Dungeon.
You worshipped Makhleb.
Makhleb was pleased with you.
You were not hungry.

You visited 1 branch

Inventory:

Hand Weapons
 a - a +0 war axe (weapon)
Armour
 c - a +0 shield (worn)
 o - a +0 cloak (worn)
 p - a +0 plate armour (worn)
Jewellery
 b - a +3 ring of dexterity (left hand)
 q - a +3 ring of dexterity (right hand)
Wands
 n - a wand of acid (10)
Scrolls
 k - 2 scrolls of blinking
 l - 3 scrolls of remove curse
 m - 2 scrolls of amnesia
Potions
 d - a potion of might
 h - 4 potions of curing
 i - 4 potions of magic
 j - a potion of berserk rage
Comestibles
 f - a ration


   Skills:
 + Level 6.8 Fighting
 + Level 7.8 Axes
 + Level 8.2 Armour
 + Level 8.2 Shields
 + Level 6.3 Invocations


You had 5 spell levels left.
You didn't know any spells.
Your spell library was empty.

Dungeon Overview and Level Annotations

Branches:
Dungeon (1/1)

Altars:
Cheibriados
Dithmenos
Elyvilon
Fedhas
Gozag
Hepliaklqana
Kikubaaqudgha
Makhleb
Nemelex Xobeh
Okawaru
Qazlal
Ru
Sif Muna
Trog
Uskayaw
Vehumet
Wu Jian
Xom
Yredelemnul
Zin
The Shining One
Beogh
Jiyva
Lugonu


Innate Abilities, Weirdness & Mutations

You are resistant to damage.
You can heal yourself by infusing magical energy.
You passively map a small area around you.
You do not regenerate.


Message History

You can now harness Makhleb's destructive might.
You are no longer poisoned.
Items here: ( )) [ † a +0 dagger; a cursed +0 robe; a +0 shortbow; 17 arrows; a centaur corpse As you open the door, it creaks loudly!
An iguana, an ugly thing, a centaur, a vampire and 2 skeletons come into view.
The iguana hisses angrily.
The red ugly thing gurgles horribly!
The centaur shouts!
You fade into invisibility!
The red ugly thing bites you!
You are engulfed in flames!!
* * * LOW HITPOINT WARNING * * *
You are very lightly contaminated with residual magic.
You hit the red ugly thing but do no damage.
The red ugly thing bites you but does no damage.
You slash the red ugly thing!
The red ugly thing is lightly wounded.
The red ugly thing bites you!
* * * LOW HITPOINT WARNING * * *
You are engulfed in flames!!
You die...

*
,▓.▓
▓.▓
,
▓(▓
,
▓†▓
* *,
*
▓)▓
*+
▓.▓
, ,
▓.▓
*,
▓.▓
, *
▓@▓
, *
▓u▓
*
,▓V▓
,
▓Z▓
,
▓l▓
▓Z▓
* *
▓c▓
,▓.▓
, ,


You could see a red ugly thing, a vampire, a centaur, an iguana, a bat skeleton
and an adder skeleton.

Vanquished Creatures
  A yak (D)
  An ogre (D)
  A centaur (D)
  A killer bee (D)
  A howler monkey (D)
  An orc wizard (D)
  2 adders (D)
  An ooze (D)
  A bat (D)
  A goblin (D)
  2 frilled lizards (D)
  A kobold (D)
  A leopard gecko skeleton (D)
  A rat (D)
16 creatures vanquished.

Notes
Turn   | Place    | Note
-------+----------+-------------------------------------------
     0 | D        | Groucho the Deep Dwarf Fighter began the quest for the Orb.
     0 | D        | Reached XP level 1. HP: 20/20 MP: 1/1
   521 | D        | Noticed an ogre
   535 | D        | Reached XP level 2. HP: 25/28 MP: 2/2
   545 | D        | Killed an ogre
   545 | D        | Reached skill level 5 in Axes
   545 | D        | Reached skill level 5 in Shields
   545 | D        | Reached XP level 3. HP: 6/38 MP: 3/3
   545 | D        | Reached XP level 4. HP: 7/45 MP: 4/4
   557 | D        | Reached skill level 5 in Fighting
   563 | D        | Found a roughly hewn altar of Beogh.
   563 | D        | Found a snail-covered altar of Cheibriados.
   563 | D        | Found a shadowy altar of Dithmenos.
   563 | D        | Found a white marble altar of Elyvilon.
   563 | D        | Found a blossoming altar of Fedhas.
   563 | D        | Found an opulent altar of Gozag.
   564 | D        | Found a hazy altar of Hepliaklqana.
   565 | D        | Found a viscous altar of Jiyva.
   566 | D        | Found an ancient bone altar of Kikubaaqudgha.
   567 | D        | Found a corrupted altar of Lugonu.
   568 | D        | Found a burning altar of Makhleb.
   569 | D        | Found a sparkling altar of Nemelex Xobeh.
   570 | D        | Found an iron altar of Okawaru.
   571 | D        | Found a stormy altar of Qazlal.
   572 | D        | Found a sacrificial altar of Ru.
   573 | D        | Found a shimmering blue altar of Sif Muna.
   574 | D        | Found a bloodstained altar of Trog.
   575 | D        | Found a hide-covered altar of Uskayaw.
   576 | D        | Became a worshipper of Makhleb the Destroyer
   577 | D        | Found a radiant altar of Vehumet.
   578 | D        | Found an ornate altar of the Wu Jian Council.
   579 | D        | Found a shimmering altar of Xom.
   580 | D        | Found a basalt altar of Yredelemnul.
   581 | D        | Found a glowing silver altar of Zin.
   582 | D        | Found a glowing golden altar of the Shining One.
   626 | D        | Noticed a yak
   626 | D        | Noticed a centaur
   640 | D        | Killed a yak
   640 | D        | Reached XP level 5. HP: 17/55 MP: 4/8
   640 | D        | Reached XP level 6. HP: 19/62 MP: 4/9
   660 | D        | Reached * piety under Makhleb
   660 | D        | Reached skill level 5 in Invocations
   682 | D        | Reached ** piety under Makhleb
   688 | D        | Noticed a vampire
   688 | D        | Noticed a red ugly thing
   691 | D        | HP: 2/63 [red ugly thing (5)]
   691 | D        | Demolished by a red ugly thing

Levels and vault maps discovered:
D:        linesprint [early_d, line_temple, items_1, d_10, items_2, lair_1,
          lair_end, items_3, orc_1, orc_end, items_4, d_15, swamp_1, shoals_1,
          snake_1, spider_1, d_20, vaults_1, items_5, swamp_end, shoals_end,
          snake_end, spider_end, vaults_end, d_27, items_6, zot_1, zot_end,
          crypt_end, forest_end, elf_end, slime_end, tomb_end, abyss_end,
          pan_hell_end]

Skill      XL: |  1  2  3  4  5  6 |
---------------+-------------------+-----
Fighting       | 3 4 6 |  6.8
Axes           | 3 5 6 7 |  7.8
Armour         | 4 6 7 8 |  8.2
Shields        | 4 5 7 8 |  8.2
Invocations    | 4 6 |  6.3

Action                   |  1- 3 |  4- 6 || total
-------------------------+-------+-------++-------
Melee: War axe           |    32 |    65 ||    97
  Use: Potion            |     2 |     4 ||     6
Armor: Scale mail        |     6 |     1 ||     7
       Plate armour      |       |    34 ||    34
Dodge: Dodged            |     3 |    13 ||    16
Block: Shield            |    13 |    29 ||    42
